cohdb
Replays
Latest Replays
All Replays
Popular Replays
Top Player Replays
Match Explorer
How It Works
Community
CoH3 Stats
Reddit
Sign in to upload your games and track your stats! →
Sign in with Steam
Match 45898117
Unlisted
Match 45898117
Overview
Messages
Build Orders
End
Construct Section Command Post
Selects Australian Defense Battlegroup
Infantry Section
Infantry Section
Dingo Light Scout Car
Construct Platoon Command Post
Selects Australian Light Infantry Section
Selects 2-pounder Anti-tank Gun Team
2-pounder Anti-tank Gun Team
Humber Armored Car
LiamM
S1L
XanderB312
callofnoob
Bobson Dugnutt
Ferryman
Necomimimoe
大屌肥毛又臭
0
0
Comments
sign in to comment!
No comments posted yet!